 Dungeon Crawl Stone Soup version 0.29.1-15-g9cfb28693d (webtiles) character file.

Game seed: 6072599739746627908

581425 Exodus22XD the Axe Maniac (level 24, -5/242 HPs)
             Began as a Minotaur Fighter on Feb 5, 2023.
             Was a High Priest of the Shining One.
             Killed from afar by a black draconian knight (17 damage)
             ... with a bolt of cold
             ... on level 4 of the Depths on Apr 9, 2023.
             The game lasted 03:43:03 (67921 turns).

Exodus22XD the Axe Maniac (Minotaur Fighter)       Turns: 67921, Time: 03:43:03

Health: -5/242     AC: 24    Str: 32    XL:     24   Next: 75%
Magic:  13/28      EV:  8    Int:  5    God:    the Shining One [*****.]
Gold:   4228       SH: 42    Dex: 13    Spells: 23/23 levels left

rFire   + + +      SeeInvis .   Z - +5 broad axe (spect)
rCold   + . .      Faith    .   t - +0 tower shield {rF+}
rNeg    + + .      Spirit   .   M - +2 plate armour {rPois}
rPois   +          Reflect  +   D - +2 hat
rElec   .          Harm     .   W - +0 cloak "Emergh" {Dex+3 Stlth+}
rCorr   +          Rampage  .   r - +0 pair of gloves
Will    +....                   b - +0 pair of boots
Stlth   ..........              V - amulet of reflection
HPRegen 0.50/turn               a - ring of the Final Decision {rF+ rC+ Str-5 Slay+3}
MPRegen 0.21/turn               x - ring of Xuxamius {Contam rF+ rCorr Str+4}

@: mighty, divinely shielded, glowing, studying 2 skills
A: horns 2, retaliatory headbutt, deformed body, low MP 2
}: 5/15 runes: serpentine, barnacled, slimy, silver, abyssal
a: Renounce Religion, Divine Shield, Cleansing Flame, Summon Divine Warrior


You were on level 4 of the Depths.
You worshipped the Shining One.
The Shining One was extremely pleased with you.
You visited 10 branches of the dungeon, and saw 48 of its levels.
You visited the Abyss 1 time.
You also visited: Bailey and Ice Cave.

You collected 6010 gold pieces.
You spent 1782 gold pieces at shops.

Inventory:

Hand Weapons
 c - a +4 executioner's axe of venom
 O - the +5 trident "Ideruwunt" {elec, Str+2}
   (You took it off a spriggan in a bailey)

   It occasionally discharges a powerful burst of electricity upon striking a
   foe.
   Str:       It affects your strength (+2).
 Z - a +5 spectral broad axe (weapon)
Missiles
 s - 19 javelins (quivered)
 u - 19 silver javelins
Armour
 b - a +0 pair of boots (worn)
 r - a +0 pair of gloves (worn)
 t - a +0 tower shield of fire resistance (worn)
 D - a +2 hat (worn)
 M - a +2 plate armour of poison resistance (worn)
 W - the +0 cloak "Emergh" (worn) {Dex+3 Stlth+}
   (You found it on level 3 of the Elven Halls)

   Dex:       It affects your dexterity (+3).
   Stlth:     It makes you more stealthy.
Jewellery
 a - the ring of the Final Decision (left hand) {rF+ rC+ Str-5 Slay+3}
   (You found it on level 5 of the Pits of Slime)

   [ring of protection from cold]

   Str:       It affects your strength (-5).
   Slay:      It affects your accuracy & damage with ranged weapons and melee
   (+3).
   rF:        It protects you from fire.
   rC:        It protects you from cold.
 x - the ring of Xuxamius (right hand) {Contam rF+ rCorr Str+4}
   (You found it on level 5 of the Lair of Beasts)

   [ring of protection from fire]

   Str:       It affects your strength (+4).
   rF:        It protects you from fire.
   Contam:    It causes magical contamination when unequipped.
   rCorr:     It protects you from acid and corrosion.
 y - a +4 ring of slaying
 z - a ring of protection from fire
 K - a ring of protection from cold
 R - the necklace of Bloodlust {*Rage Will++ Int-3 Slay+6}
   (You took it off a deep elf master archer on level 3 of the Elven Halls)

   [amulet of nothing]

   It extends the wearer's berserk rage when killing foes.
   Int:       It affects your intelligence (-3).
   Slay:      It affects your accuracy & damage with ranged weapons and melee
   (+6).
   *Rage:     It berserks you when you make melee attacks (+50% chance).
   Will:      It greatly increases your willpower.
 V - an amulet of reflection (around neck)
 Y - a ring of willpower
Wands
 v - a wand of mindburst (7)
 w - a wand of quicksilver (22)
 A - a wand of digging (2)
 G - a wand of roots (31)
 L - a wand of paralysis (25)
Scrolls
 g - 10 scrolls of teleportation
 j - 8 scrolls of poison
 l - a scroll of summoning
 n - 8 scrolls of magic mapping
 o - 4 scrolls of enchant weapon
 p - 8 scrolls of immolation
 B - 10 scrolls of butterflies
 C - 6 scrolls of silence
 I - 4 scrolls of enchant armour
 N - 3 scrolls of brand weapon
 S - 4 scrolls of vulnerability
 T - 3 scrolls of fear
Potions
 d - 4 potions of might
 e - 7 potions of curing
 f - 14 potions of mutation
 h - 8 potions of lignification
 i - 3 potions of ambrosia
 m - 7 potions of magic
 q - 3 potions of haste
 F - 2 potions of cancellation
 J - 3 potions of flight
 P - a potion of resistance
 Q - 3 potions of berserk rage


   Skills:
 + Level 25.0 Fighting
 O Level 27 Axes
 + Level 7.9(19.4) Polearms
 + Level 20.8 Armour
 + Level 23.7 Shields
 * Level 20.7 Invocations
 - Level 1.1 Evocations


You had 23 spell levels left.
You didn't know any spells.
Your spell library contained the following spells:

 Spells                   Type           Power      Damage    Failure   Level
 Confusing Touch          Hex            0%         N/A       100%        3
 Yara's Violent Unravell  Hex/Tmut       0%         3d3       100%        5
 Enfeeble                 Hex            0%         N/A       100%        7


Dungeon Overview and Level Annotations

Branches:
Dungeon (15/15)            Temple (1/1) D:5            Lair (5/5) D:11
 Shoals (4/4) Lair:3        Snake (4/4) Lair:2        Slime (5/5) Lair:4
    Orc (2/2) D:11            Elf (3/3) Orc:2        Vaults (5/5) D:14
  Crypt (0/3) Vaults:3     Depths (4/4) D:15            Zot (0/5) Depths:4
 Bailey (visited)           IceCv (visited)

Altars:
Ashenzari
Cheibriados
Dithmenos
Elyvilon
Fedhas
Gozag
Hepliaklqana
Kikubaaqudgha
Makhleb
Nemelex Xobeh
Okawaru
Qazlal
Ru
Sif Muna
Trog
Uskayaw
Vehumet
Wu Jian
Xom
Yredelemnul
Zin
The Shining One
Jiyva
Lugonu

Shops:
D:13 *[*(=   Orc:2 *=![   Elf:3 ::=   Shoals:2 (*[*   Snake:1 *   Vaults:1 ?
Vaults:4 !   Depths:2 *

Portals:
Hell: Depths:1 Depths:2 Depths:3
Abyss: Depths:3
Pandemonium: Depths:2

Annotations:
D:4 1 runed translucent door, Crazy Yiuf
Lair:1 3 runed translucent doors, Fuwkobla's ghost, journeyman DrCj
Lair:5 exclusion: obsidian statue
Vaults:3 1 runed translucent door, Hargh's ghost, adept MiBe


Innate Abilities, Weirdness & Mutations

You have a pair of horns on your head.
You reflexively headbutt those who attack you in melee.
Armour fits poorly on your strangely shaped body.
Your magical capacity is very low. (-20% MP)


Message History

Your sphinx hits the iron troll but does no damage.
Your sphinx hits the iron troll. You block the iron troll's attack.
The iron troll claws you but does no damage.
The iron troll barely misses you.
The black draconian knight hits you with a +1 war axe of electrocution!
* * * LOW HITPOINT WARNING * * *
You are electrocuted!!
* * * LOW HITPOINT WARNING * * *
As you read the scroll of fear, it crumbles to dust.
You assume a fearsome visage.
The black draconian knight looks frightened!
The ice dragon looks frightened!
The tengu conjurer looks frightened!
The iron troll resists with almost no effort.
Your sphinx hits the iron troll!
Your sphinx barely misses the iron troll.
Your sphinx hits the iron troll but does no damage.
The tengu conjurer mumbles some strange words.
The tengu conjurer blinks!
The black draconian knight gestures wildly while chanting.
The black draconian knight flickers and vanishes for a moment.
A shadow dragon comes into view.
You completely miss the iron troll. You headbutt the iron troll!
The iron troll is heavily wounded.
You hit the black draconian knight but do no damage.
Your attack snaps the black draconian knight out of its fear.
Your sphinx hits the iron troll!
Your sphinx hits the iron troll but does no damage. x2
The iron troll bites your sphinx! The iron troll claws your sphinx!
Your sphinx dies!
Your sphinx's corpse dissolves into shadows!
The tengu conjurer gestures wildly while chanting.
The tengu conjurer blinks!
The iron troll shouts!
You slice the iron troll!! You headbutt the iron troll!
You kill the iron troll!
The troll leather armour is intact enough to wear.
Unknown command.
The black draconian knight gestures at you while chanting.
The bolt of cold hits you! You resist.
You die...

####..#.......##
#.##...~........
##.#....~...~~~.. ###
#...).....≈≈~≈≈~. ##..#
#.††.....~≈≈≈≈≈~.
.#....###..[.....≈~≈~~≈~.
..##..#..(.[..........~~.
...............).A....~~.
......)........@....(.~§.
..............[[).(...~~.
.......<####....#.#......
........# #....#.#......
.~~~~....#..q####.####...
.~~~~.......# ... #..
.~.....#.... #D# .
......# .... #D# #.....
..### ...


You could see a black draconian knight (fast, invisible, fleeing, ally target)
and a friendly daeva (summoned).

Vanquished Creatures
  the Royal Jelly (Slime:5)
  2 juggernauts (Depths:2)
  Parghit (Depths:4)
  Frederick (Vaults:2)
  6 caustic shrikes
  Nikola (Shoals:2)
  the Enchantress (Depths:2)
  4 golden dragons
  3 bone dragons
  2 tentacled monstrosities
  2 walking earthen tomes
  A walking crystal tome (Depths:2)
  3 liches (Depths:3)
  A deep elf blademaster (Elf:3)
  A quicksilver dragon (Depths:4)
  2 tentacled starspawn
  4 titans (Vaults:5)
  13 acid blobs
  2 deep elf master archers (Elf:3)
  Kirke (Snake:1)
  Polyphemus (Shoals:2)
  Gastronok (Lair:3)
  A sphinx (Depths:2)
  A kraken (Shoals:2)
  4 shadow dragons
  4 tengu reavers
  A draconian monk (Depths:4)
  Donald (Shoals:2)
  2 storm dragons
  2 nagarajas (Snake:4)
  14 azure jellies
  6 rockslimes
  Ilsuiw (Shoals:2)
  9 fire giants
  3 deep elf sorcerers
  Aizul (Snake:3)
  5 spectral caustic shrikes (Depths:2)
  18 vault wardens
  10 frost giants
  5 spriggan defenders
  A juggernaut zombie (Depths:2)
  26 ironbound preservers
  2 deep elf elementalists (Elf:3)
  9 quicksilver oozes
  10 ironbound thunderhulks
  Nessos (D:15)
  2 vampire knights
  13 stone giants
  2 war gargoyles
  4 deep elf annihilators
  23 very ugly things
  2 deep elf demonologists
  14 dire elephants
  7 spark wasps
  A purple draconian (Depths:4)
  4 entropy weavers
  A red draconian (Depths:4)
  A black draconian (Depths:4)
  10 ettins
  An eidolon (Abyss:3)
  7 deep elf death magi
  2 merfolk javelineers
  3 jiangshi (Depths:3)
  A crystal guardian (Vaults:4)
  12 merfolk impalers
  Josephine (D:10)
  5 fire dragons
  4 deep elf high priests
  18 yaktaur captains
  10 great orbs of eyes
  Harold (D:9)
  A green death (Abyss:4)
  A spriggan zombie (Depths:2)
  5 boulder beetles
  13 hydras
  A great orb of eyes (shapeshifter) (Vaults:5)
  2 peacekeepers (Vaults:4)
  40 vault guards
  2 rakshasas
  6 ice dragons
  An ogre mage (Vaults:5)
  4 spriggan air magi
  8 anacondas
  3 alligator snapping turtles
  5 salamander tyrants
  14 centaur warriors
  4 merfolk avatars
  2 catoblepae
  8 ironbound frosthearts
  5 merfolk aquamancers
  11 two-headed ogres
  12 naga warriors
  A death knight (D:12)
  A satyr (Shoals:4)
  12 death yaks
  4 tengu warriors
  2 vampire magi
  4 thrashing horrors (Abyss:4)
  6 deep troll earth magi
  12 dancing weapons
  A spectral dire elephant (Lair:5)
  14 naga sharpshooters
  5 deep troll shamans
  7 spriggan berserkers
  2 hell knights
  Nergalle (Lair:3)
  A sun demon (Depths:1)
  An orc high priest (Orc:2)
  7 shock serpents
  23 deep elf knights
  An iron troll (shapeshifter) (Vaults:5)
  A wretched star (Abyss:4)
  8 salamander mystics
  8 iron trolls
  Amaemon (Lair:1)
  11 sea snakes
  2 large abominations
  A fire crab (Lair:5)
  A spectral anaconda (Lair:5)
  A golden dragon zombie (Depths:1)
  6 flayed ghosts
  62 deep trolls
  A deep troll (shapeshifter) (Vaults:5)
  3 naga ritualists
  Pikel (D:4)
  8 lindwurms
  9 wizards
  15 deep elf archers
  2 glowing orange brains
  A sphinx zombie (Depths:2)
  2 phantasmal warriors
  17 ironbound convokers
  A tengu zombie (Depths:3)
  37 deep elf zephyrmancers
  4 orc knights
  6 mana vipers
  19 harpies
  3 orc sorcerers
  4 shining eyes
  12 necromancers
  A tengu skeleton (Depths:3)
  35 deep elf pyromancers
  2 frost giant zombies
  2 salamanders (shapeshifter)
  2 wolf spiders (D:12)
  A fire giant zombie (Depths:1)
  44 ugly things
  2 oklob plants (Lair:3)
  23 salamanders
  10 cyclopes
  5 fauns
  14 manticores
  A worldbinder (Abyss:4)
  17 elephants (Lair:5)
  6 merfolk sirens
  A frost giant skeleton (Depths:2)
  2 fire giant skeletons
  27 black mambas
  4 guardian serpents
  14 naga magi
  A dire elephant zombie (Lair:5)
  2 eyes of devastation
  4 torpor snails
  5 water nymphs
  An ice statue (IceCv)
  12 vault sentinels
  Maggie (Lair:2)
  3 smoke demons
  14 cane toads
  2 kobold demonologists (D:9)
  An orange demon (Lair:1)
  2 rime drakes
  An unseen horror (D:11)
  11 komodo dragons
  2 efreet
  An ancient zyme (Abyss:4)
  4 freezing wraiths
  30 yaktaurs
  A tengu conjurer (D:12)
  16 ice devils
  A silent spectre (Abyss:4)
  An anaconda simulacrum (IceCv)
  A polar bear (Lair:3)
  A shadow dragon simulacrum (Depths:2)
  26 merfolk
  3 meliai (D:15)
  A troll (shapeshifter) (D:13)
  7 trolls
  5 hornets
  7 wind drakes
  A tengu simulacrum (Depths:2)
  Grinder (D:3)
  10 blink frogs
  6 snapping turtles
  A raiju (Abyss:3)
  50 slime creatures
  A slime creature (shapeshifter) (Vaults:5)
  A fire giant simulacrum (Depths:2)
  15 dream sheep
  3 stone giant simulacra
  8 spriggans
  A culicivora (shapeshifter) (Depths:3)
  2 dire elephant simulacra (IceCv)
  8 wraiths
  3 shadows
  A culicivora (Vaults:3)
  A spriggan skeleton (Depths:2)
  A small abomination (Abyss:3)
  2 air elementals
  18 yaks
  9 wyverns
  A fire elemental (Elf:1)
  4 hogs (Snake:1)
  17 water elementals
  A vampire (D:13)
  5 golden eyes
  2 steam dragons
  5 basilisks
  9 death yak simulacra
  A neqoxec (Abyss:3)
  3 redbacks
  A redback (shapeshifter) (Vaults:5)
  16 vampire mosquitoes
  6 wargs
  39 nagas
  A spectral cane toad (Lair:5)
  5 acid dragons
  A hydra simulacrum (IceCv)
  16 water moccasins
  A glowing shapeshifter zombie (Depths:3)
  An ogre skeleton (Vaults:4)
  2 floating eyes
  Duvessa (D:4)
  A glowing shapeshifter skeleton (Depths:3)
  An ice beast (shapeshifter) (Vaults:5)
  2 sky beasts
  A black bear (Lair:1)
  A hornet zombie (D:7)
  25 orc warriors
  10 ogres
  2 ice beasts
  An ettin simulacrum (Vaults:4)
  An elephant zombie (Lair:5)
  A boggart (shapeshifter) (D:12)
  A boggart (D:12)
  21 centaurs
  A human skeleton (Vaults:4)
  A phantom (D:5)
  6 wolves (Lair:4)
  A lemure (D:4)
  4 kobold brigands
  A bullfrog (shapeshifter) (Depths:3)
  13 bullfrogs
  2 wyvern zombies (D:7)
  4 earth elementals
  3 cane toad simulacra (IceCv)
  A gnoll sergeant (D:7)
  10 wights
  5 killer bees (D:9)
  Dowan (D:4)
  2 elephant simulacra
  A howler monkey (D:7)
  A jelly (D:3)
  A quasit (Abyss:3)
  A bullfrog zombie (D:7)
  2 hounds (D:7)
  7 orc priests
  Natasha (twice) (D:2)
  An iguana (D:5)
  16 orc wizards
  A hell rat (Lair:3)
  3 polar bear simulacra (IceCv)
  A killer bee zombie (D:7)
  2 spriggan simulacra (IceCv)
  5 wolf simulacra (IceCv)
  2 howler monkey zombies (D:7)
  7 adders
  2 white imps (IceCv)
  5 ufetubi
  5 worms
  5 dart slugs
  60 orcs
  2 bats
  4 endoplasms
  4 giant cockroaches
  6 hobgoblins
  13 jackals
  A quokka (D:1)
  4 ball pythons
  5 frilled lizards
  6 goblins
  21 kobolds
  9 rats
  3 starspawn tentacles (Abyss:3)
  4 tentacles (Shoals:2)
1836 creatures vanquished.

Vanquished Creatures (collateral kills)
  Dissolution (Slime:4)
  Mara (Snake:3)
  Vashnia (Snake:4)
  A deep elf blademaster (Elf:3)
  A quicksilver dragon (Vaults:5)
  An acid blob (Slime:4)
  A tentacled starspawn (Abyss:4)
  2 tengu reavers (Vaults:5)
  A rockslime (Slime:4)
  2 frost giants (Vaults:5)
  A fire giant (Depths:3)
  2 deep elf sorcerers (Elf:3)
  An orc warlord (Orc:2)
  2 vault wardens (Vaults:5)
  An ironbound preserver (Vaults:5)
  A stone giant (Depths:4)
  A deep elf demonologist (Elf:3)
  2 deep elf annihilators
  2 merfolk javelineers (Shoals:4)
  5 ettins
  2 merfolk impalers (Shoals:4)
  A deep elf high priest (Elf:3)
  A rakshasa (Depths:2)
  A vault guard (Vaults:5)
  An ogre mage (Vaults:5)
  A merfolk avatar (Shoals:4)
  2 spriggan air magi
  4 dancing weapons (Elf:2)
  A merfolk aquamancer (Shoals:4)
  A deep troll earth mage (Depths:2)
  A tengu warrior (Depths:4)
  A deep elf knight (Elf:2)
  3 wretched stars (Abyss:4)
  A sea snake (Shoals:4)
  A glowing orange brain (Depths:4)
  A deep troll (Depths:4)
  A flayed ghost (Abyss:4)
  2 orc knights
  2 ironbound convokers (Vaults:5)
  2 deep elf zephyrmancers (Elf:2)
  A naga ritualist (Snake:4)
  An orc sorcerer (Orc:2)
  3 deep elf pyromancers (Elf:2)
  A shining eye (Slime:4)
  A manticore (Shoals:4)
  An ugly thing (Depths:2)
  A black mamba (Snake:4)
  A guardian serpent (Snake:4)
  A naga mage (Snake:4)
  A rime drake (shapeshifter) (Elf:3)
  A freezing wraith (Vaults:5)
  An ancient zyme (Abyss:4)
  6 merfolk (Shoals:4)
  A hornet (Depths:4)
  3 dream sheep (Shoals:4)
  A snapping turtle (Shoals:4)
  2 water elementals (Shoals:4)
  A spriggan (Depths:4)
  2 nagas (Snake:4)
  9 orc warriors (Orc:2)
  4 centaurs (Orc:2)
  6 orcs (Orc:2)
109 creatures vanquished.

Vanquished Creatures (others)
  A very ugly thing (Depths:3)
  A deep elf pyromancer (Elf:1)
  A wizard (Depths:1)
  2 manticores
  A merfolk (Shoals:3)
  A fire elemental (Elf:2)
  An earth elemental (Elf:1)
  An orc priest (D:15)
  An orc wizard (Vaults:5)
  31 fungi
  160 plants
  8 starspawn tentacles (Abyss:4)
  3 tentacles (Shoals:2)
  23 withered plants (Lair:5)
235 creatures vanquished.

Grand Total: 2180 creatures vanquished

Notes
Turn   | Place    | Note
-------+----------+-------------------------------------------
     0 | D:1      | Exodus22XD the Minotaur Fighter began the quest for the
                  | Orb.
     0 | D:1      | Reached XP level 1. HP: 19/19 MP: 0/0
   129 | D:1      | Reached XP level 2. HP: 27/27 MP: 1/1
  1036 | D:2      | Reached skill level 3 in Axes
  1036 | D:2      | Reached XP level 3. HP: 30/33 MP: 2/2
  1129 | D:2      | Found a faded altar of an unknown god.
  1590 | D:2      | Reached XP level 4. HP: 23/40 MP: 3/3
  1999 | D:2      | Noticed Natasha
  2007 | D:2      | Killed Natasha
  2008 | D:2      | Reached skill level 4 in Axes
  2087 | D:2      | Noticed Natasha
  2092 | D:2      | Killed Natasha
  2093 | D:2      | Reached XP level 5. HP: 35/47 MP: 4/4
  2321 | D:3      | Noticed an ice beast
  2331 | D:3      | Killed an ice beast
  2332 | D:3      | Reached skill level 5 in Axes
  2332 | D:3      | Reached skill level 5 in Armour
  2497 | D:3      | Noticed Grinder
  2501 | D:3      | Reached XP level 6. HP: 48/55 MP: 5/5
  2505 | D:3      | Killed Grinder
  2506 | D:3      | Reached skill level 5 in Fighting
  2506 | D:3      | Reached skill level 6 in Axes
  2551 | D:3      | Identified the +8 mace of Perfectionism {vamp, rN++ Dex-5}
  2720 | D:3      | Found an ornate altar of the Wu Jian Council.
  2975 | D:3      | Found a shimmering altar of Xom.
  3411 | D:4      | Noticed Pikel
  3462 | D:3      | Reached XP level 7. HP: 26/61 MP: 6/6
  3675 | D:4      | Noticed Duvessa
  3675 | D:4      | Noticed Dowan
  3721 | D:4      | Killed Duvessa
  3722 | D:4      | Reached skill level 7 in Axes
  3728 | D:4      | Killed Dowan
  4105 | D:4      | Killed Pikel
  4106 | D:4      | Reached skill level 8 in Axes
  4106 | D:4      | Reached XP level 8. HP: 42/71 MP: 7/7
  4268 | D:4      | Found a runed translucent door.
  4269 | D:4      | Noticed Crazy Yiuf
  4313 | D:4      | Found an iron altar of Okawaru.
  4601 | D:5      | Entered Level 5 of the Dungeon
  4624 | D:5      | Found a staircase to the Ecumenical Temple.
  4640 | Temple   | Entered the Ecumenical Temple
  4645 | Temple   | Became a worshipper of the Shining One
  4690 | D:5      | Found a stormy altar of Qazlal.
  4690 | D:5      | Found a radiant altar of Vehumet.
  4861 | D:5      | Identified the +9 rapier of Melee {vamp, rF- Dex+3 SInv}
  4889 | D:5      | Found a glowing silver altar of Zin.
  4900 | D:5      | Reached skill level 5 in Shields
  4900 | D:5      | Reached skill level 1 in Invocations
  4932 | D:5      | Found an ancient bone altar of Kikubaaqudgha.
  4932 | D:5      | Found a basalt altar of Yredelemnul.
  5090 | D:6      | Reached skill level 9 in Axes
  5679 | D:6      | Found a shimmering blue altar of Sif Muna.
  6021 | D:7      | Reached XP level 9. HP: 68/77 MP: 9/9
  6024 | D:7      | Reached * piety under the Shining One
  6101 | D:7      | Reached skill level 10 in Axes
  6237 | D:7      | You fall into a shaft and drop 2 floors!
  6267 | D:9      | Noticed a kobold demonologist
  6267 | D:9      | Noticed a kobold demonologist
  6269 | D:9      | Noticed a rust devil
  6271 | D:9      | Noticed a hellwing
  6286 | D:9      | Found a shadowy altar of Dithmenos.
  6311 | D:9      | Noticed a two-headed ogre
  6555 | D:7      | Noticed a five-headed hydra
  6555 | D:7      | Noticed a purple ugly thing
  6555 | D:7      | Noticed a four-headed hydra
  6557 | D:7      | Noticed a deep elf pyromancer
  6625 | D:7      | Found a blossoming altar of Fedhas.
  6688 | D:7      | Noticed a manticore
  6712 | D:6      | HP: 3/79 [wraith (10)]
  6714 | D:6      | Reached ** piety under the Shining One
  6715 | D:6      | Reached skill level 11 in Axes
  7014 | D:7      | Killed a five-headed hydra
  7015 | D:7      | Reached skill level 1 in Polearms
  7015 | D:7      | Reached XP level 10. HP: 85/88 MP: 7/12
  7022 | D:7      | Killed a purple ugly thing
  7056 | D:7      | Noticed a five-headed hydra
  7637 | D:7      | Killed a manticore
  7640 | D:7      | Killed a five-headed hydra
  7641 | D:7      | Reached skill level 5 in Invocations
  7690 | D:7      | Noticed a two-headed ogre
  7841 | D:8      | Reached skill level 10 in Armour
  8817 | D:9      | Reached skill level 12 in Axes
  9052 | D:9      | Killed a two-headed ogre
  9052 | D:9      | Noticed a two-headed ogre
  9058 | D:9      | Noticed a rust devil
  9064 | D:9      | Reached XP level 11. HP: 52/95 MP: 14/14
  9065 | D:9      | Killed a two-headed ogre
  9253 | D:9      | Found a sparkling altar of Nemelex Xobeh.
  9269 | D:9      | Noticed Harold
  9287 | D:9      | Killed Harold
  9754 | D:10     | Entered Level 10 of the Dungeon
  9816 | D:10     | Noticed Josephine
  9822 | D:10     | Killed Josephine
  9823 | D:10     | Reached skill level 13 in Axes
  9897 | D:10     | Reached *** piety under the Shining One
  9944 | D:10     | Found a flagged portal.
 10020 | Bailey   | Entered a bailey
 10106 | Bailey   | Noticed a two-headed ogre
 10113 | Bailey   | Killed a two-headed ogre
 10418 | Bailey   | Identified the +5 trident "Ideruwunt" {elec, Str+2}
 11113 | D:10     | Noticed a two-headed ogre
 11117 | D:10     | Killed a two-headed ogre
 11460 | D:11     | Reached skill level 14 in Axes
 11631 | D:11     | Found a staircase to the Lair.
 11934 | D:11     | Reached XP level 12. HP: 73/106 MP: 16/16
 12078 | D:11     | Noticed a four-headed hydra
 12084 | D:11     | Reached skill level 10 in Fighting
 12087 | D:11     | Killed a one-headed hydra
 12248 | D:11     | Found a staircase to the Orcish Mines.
 12678 | Lair:1   | Entered Level 1 of the Lair of Beasts
 12679 | Lair:1   | Found a runed translucent gate.
 12679 | Lair:1   | Found a runed translucent gate.
 12679 | Lair:1   | Found a runed translucent gate.
 12692 | Lair:1   | Reached **** piety under the Shining One
 12897 | Lair:1   | Noticed Amaemon
 12910 | Lair:1   | Killed Amaemon
 13562 | Lair:1   | Noticed Fuwkobla's ghost (journeyman DrCj)
 13735 | Lair:1   | Reached skill level 15 in Axes
 13753 | Lair:1   | Noticed an ice dragon
 14043 | Lair:1   | Noticed an eight-headed hydra
 14050 | Lair:1   | Killed a four-headed hydra
 14345 | Lair:1   | Found a snail-covered altar of Cheibriados.
 14956 | Lair:2   | Found a staircase to the Snake Pit.
 15228 | Lair:2   | Noticed Maggie
 15237 | Lair:2   | Killed Maggie
 15579 | Lair:3   | Noticed Nergalle
 15587 | Lair:3   | Killed Nergalle
 15592 | Lair:3   | Reached XP level 13. HP: 113/116 MP: 18/18
 15611 | Lair:3   | Found a staircase to the Shoals.
 15817 | Lair:3   | Reached skill level 16 in Axes
 15836 | Lair:3   | Noticed Gastronok
 16212 | Lair:3   | Killed Gastronok
 16668 | Lair:3   | Found a blossoming altar of Fedhas.
 17092 | Lair:4   | Identified the +9 whip of the Mosquito {vorpal, Int+2}
 17556 | Lair:4   | Found a runed translucent door.
 17556 | Lair:4   | Found a viscous altar of Jiyva.
 17556 | Lair:4   | Noticed an azure jelly
 17557 | Lair:4   | Found a staircase to the Slime Pits.
 17557 | Lair:4   | Noticed an azure jelly
 17557 | Lair:4   | Noticed an azure jelly
 17557 | Lair:4   | Noticed an azure jelly
 17990 | Lair:5   | Entered Level 5 of the Lair of Beasts
 18171 | Lair:5   | Found a frozen archway.
 18361 | Lair:5   | Reached ***** piety under the Shining One
 18364 | IceCv    | Entered an ice cave
 19071 | IceCv    | Reached skill level 10 in Invocations
 19135 | IceCv    | Found an ancient bone altar of Kikubaaqudgha.
 19178 | IceCv    | Reached skill level 17 in Axes
 19338 | IceCv    | Reached ****** piety under the Shining One
 19521 | IceCv    | Reached XP level 14. HP: 115/129 MP: 20/20
 20602 | Lair:5   | Reached skill level 15 in Armour
 20630 | Lair:5   | Identified the ring of Xuxamius {Contam rF+ rCorr Str+4}
 22589 | Lair:5   | Reached skill level 18 in Axes
 23380 | Orc:1    | Entered Level 1 of the Orcish Mines
 23654 | Orc:2    | Entered Level 2 of the Orcish Mines
 23822 | Orc:2    | Found a staircase to the Elven Halls.
 23846 | Orc:2    | Noticed an orc warlord
 23861 | Orc:2    | Killed an orc warlord
 23866 | Orc:2    | Reached skill level 15 in Fighting
 24333 | Orc:2    | Reached skill level 10 in Shields
 24333 | Orc:2    | Reached XP level 15. HP: 110/141 MP: 22/22
 24596 | Orc:2    | Found Otezuipp's Jewellery Shop.
 24596 | Orc:2    | Found Kuanozoz's Distillery.
 24598 | Orc:2    | Found Munah's Armour Emporium.
 24600 | Orc:2    | Found Fuuraul's Assorted Antiques.
 24640 | Orc:2    | Bought a potion of heal wounds for 70 gold pieces
 24640 | Orc:2    | Bought a potion of heal wounds for 70 gold pieces
 24640 | Orc:2    | Bought a potion of ambrosia for 112 gold pieces
 24640 | Orc:2    | Bought a potion of haste for 140 gold pieces
 26070 | Orc:2    | Bought a +2 plate armour of poison resistance for 518 gold
                  | pieces
 26144 | Elf:1    | Entered Level 1 of the Elven Halls
 26939 | Elf:1    | Paralysed by an air elemental for 1 turns
 27008 | Elf:1    | Noticed an Executioner
 28035 | Elf:1    | Noticed a deep elf sorcerer
 28043 | Elf:1    | Killed a deep elf sorcerer
 28301 | Elf:1    | Reached skill level 19 in Axes
 28416 | Elf:2    | HP: 7/145 [deep elf zephyrmancer/bolt of lightning (26)]
 28426 | Elf:2    | Reached XP level 16. HP: 22/152 MP: 21/24
 29355 | Elf:2    | Found a huge runed translucent gate.
 29355 | Elf:2    | Found a huge runed translucent gate.
 29355 | Elf:2    | Found a huge runed translucent gate.
 29355 | Elf:2    | Found a huge runed translucent gate.
 29359 | Elf:2    | Found a huge runed translucent gate.
 30753 | Elf:3    | Entered Level 3 of the Elven Halls
 31640 | Elf:3    | Noticed an Ice Fiend
 31695 | Elf:3    | Reached skill level 5 in Polearms
 31697 | Elf:3    | Noticed a deep elf blademaster
 31709 | Elf:3    | Killed a deep elf blademaster
 31760 | Elf:3    | Noticed a deep elf master archer
 31771 | Elf:3    | Killed a deep elf master archer
 31936 | Elf:3    | Noticed a deep elf master archer
 31937 | Elf:3    | Identified the ring of Peace {Int+6 SInv}
 31937 | Elf:3    | Noticed a deep elf blademaster
 31955 | Elf:3    | Killed a deep elf master archer
 31978 | Elf:3    | Killed a deep elf blademaster
 31979 | Elf:3    | Reached XP level 17. HP: 134/162 MP: 20/26
 32017 | Elf:3    | Identified the +0 cloak "Emergh" {Dex+3 Stlth+}
 32087 | Elf:3    | Identified the +3 long sword of the Loving Gods {vorpal,
                  | +Blink rElec rC+ Int-2}
 32594 | Elf:3    | Paralysed by an air elemental for 1 turns
 32796 | Elf:3    | Found Gusix's Jewellery Emporium.
 32796 | Elf:3    | Found Sifeonur's Book Shop.
 32797 | Elf:3    | Found Loolua Foiv's Book Shop.
 33051 | Snake:1  | Entered Level 1 of the Snake Pit
 33109 | Snake:1  | Noticed Kirke
 33119 | Snake:1  | Killed Kirke
 33238 | Snake:1  | Found the +1 robe of Vines {NoPotionHeal Regen++++}
 33270 | Snake:1  | Reached skill level 20 in Axes
 33384 | Snake:1  | Found Raeciqed's Overcharged Wands.
 37446 | Snake:3  | Noticed Mara
 37453 | Snake:3  | Noticed Exodus22XD's illusion
 37458 | Snake:3  | Killed Mara
 37546 | Snake:4  | Entered Level 4 of the Snake Pit
 38151 | Snake:4  | Reached XP level 18. HP: 128/173 MP: 27/27
 38459 | Snake:4  | Reached skill level 21 in Axes
 38510 | Snake:4  | Noticed Vashnia
 38559 | Snake:4  | Killed Vashnia
 39367 | Snake:4  | Got a serpentine rune of Zot
 39499 | Snake:4  | Noticed Aizul
 39517 | Snake:3  | Killed Aizul
 40635 | Shoals:1 | Entered Level 1 of the Shoals
 40764 | Shoals:1 | Reached skill level 15 in Invocations
 41903 | Shoals:2 | Noticed Ilsuiw
 41924 | Shoals:2 | Killed Ilsuiw
 41936 | Shoals:2 | Noticed Polyphemus
 42288 | Shoals:2 | Reached skill level 15 in Shields
 42297 | Shoals:2 | Killed Polyphemus
 42448 | Shoals:2 | Noticed Donald
 42463 | Shoals:2 | Killed Donald
 42888 | Shoals:2 | Noticed Nikola
 42903 | Shoals:2 | Killed Nikola
 43324 | Shoals:2 | Found Emo Cuckaria's Visitors' Centre.
 43332 | Shoals:2 | Found Emo Cuckaria's Merfolk Magic.
 43332 | Shoals:2 | Found Emo Cuckaria's Merfolk Weapons.
 43332 | Shoals:2 | Found Emo Cuckaria's Merfolk Armours.
 43513 | Shoals:3 | Reached skill level 22 in Axes
 43804 | Shoals:3 | Reached XP level 19. HP: 125/182 MP: 29/29
 44508 | Shoals:4 | Entered Level 4 of the Shoals
 45170 | Shoals:4 | Identified the +0 falchion of Upumuc {spect, rPois Int-5
                  | Dex+6 SInv}
 45233 | Shoals:4 | Got a barnacled rune of Zot
 47348 | D:13     | Found Darphoali's Antique Weapon Boutique.
 47391 | D:13     | Found Zedauc's General Store.
 47396 | D:13     | Bought a scroll of magic mapping for 90 gold pieces
 47396 | D:13     | Bought a potion of curing for 36 gold pieces
 47396 | D:13     | Bought a potion of curing for 36 gold pieces
 47417 | D:13     | Found Fuggyqyn's Jewellery Emporium.
 47527 | D:13     | Found Ladygounk's General Store.
 47537 | D:13     | Bought a scroll of enchant weapon for 112 gold pieces
 47537 | D:13     | Bought a scroll of fear for 60 gold pieces
 47537 | D:13     | Bought a scroll of silence for 142 gold pieces
 47677 | D:13     | Found Yheorrib's Antique Armour Boutique.
 48080 | D:14     | Identified the +2 ring mail of Tulips {+Inv Int+6}
 48601 | D:14     | Found a gate to the Vaults.
 48950 | D:15     | Entered Level 15 of the Dungeon
 48950 | D:15     | Found a radiant altar of Vehumet.
 49240 | D:15     | Found a staircase to the Depths.
 49279 | D:15     | Noticed Nessos
 49280 | D:15     | Paralysed by Nessos for 5 turns
 49288 | D:15     | Killed Nessos
 49990 | D:15     | Reached skill level 23 in Axes
 50371 | Vaults:1 | Entered Level 1 of the Vaults
 50588 | Vaults:1 | Reached XP level 20. HP: 188/193 MP: 31/31
 50881 | Vaults:1 | Identified the +4 dagger "Ceuduyra" {freeze, rF+ Str+5}
 51469 | Vaults:1 | Found Xiagoula's Magic Scroll Boutique.
 51476 | Vaults:1 | Bought a scroll of teleportation for 45 gold pieces
 52211 | Vaults:1 | Identified the +0 robe of the Mordant God {rF- Str+10 Dex-3
                  | SInv}
 52754 | Vaults:2 | Reached skill level 24 in Axes
 53336 | Vaults:2 | Noticed Frederick
 53346 | Vaults:2 | Killed Frederick
 54700 | Vaults:2 | Reached XP level 21. HP: 195/203 MP: 30/32
 55060 | Vaults:2 | Identified the +9 quarterstaff of Ru's Castigation {flame,
                  | *Corrode rElec rC+ Int+9}
 56043 | Vaults:3 | Reached skill level 25 in Axes
 56274 | Abyss:2  | Cast into level 2 of the Abyss (a wizard)
 56397 | Abyss:4  | Found a corrupted altar of Lugonu.
 56537 | Abyss:4  | Paralysed by a floating eye for 3 turns
 56556 | Abyss:4  | Got an abyssal rune of Zot
 56596 | Vaults:3 | Escaped the Abyss
 57457 | Vaults:3 | Found a staircase to the Crypt.
 57584 | Vaults:3 | Found a runed translucent door.
 57586 | Vaults:3 | Noticed Hargh's ghost (adept MiBe)
 58035 | Vaults:4 | The Shining One protects you from harm!
 58563 | Vaults:4 | Found Rijaiwid's Distillery.
 58580 | Vaults:4 | Bought a potion of curing for 39 gold pieces
 58580 | Vaults:4 | Bought a potion of haste for 130 gold pieces
 58580 | Vaults:4 | Bought a potion of might for 52 gold pieces
 58580 | Vaults:4 | Bought a potion of haste for 130 gold pieces
 58964 | Vaults:4 | Reached XP level 22. HP: 213/213 MP: 33/33
 58968 | Vaults:4 | Identified the +6 dagger of Laleaxeh {antimagic, rCorr}
 58982 | Vaults:4 | Paralysed by a great orb of eyes for 3 turns
 59289 | Vaults:5 | Entered Level 5 of the Vaults
 59301 | Vaults:5 | Reached skill level 26 in Axes
 59795 | Vaults:5 | Identified the +4 quarterstaff of Untruth {freeze, rElec}
 60206 | Vaults:5 | Identified the +7 scimitar of Eternal Vigilance {vorpal,
                  | rF+ rN+ Dex-5 SInv}
 60503 | Vaults:5 | Identified the amulet "Quohudue" {RegenMP Will- MP+9 Str+4}
 60735 | Vaults:5 | Got a silver rune of Zot
 60893 | Vaults:5 | Noticed a caustic shrike
 60893 | Vaults:5 | an iron giant changed into a caustic shrike
 60894 | Vaults:5 | a caustic shrike changed into an iron giant
 61052 | Vaults:5 | Reached skill level 27 in Axes
 61723 | Slime:1  | Entered Level 1 of the Pits of Slime
 61867 | Slime:4  | Noticed Dissolution
 61878 | Slime:4  | Killed Dissolution
 62251 | Slime:5  | Entered Level 5 of the Pits of Slime
 62292 | Slime:5  | Gained mutation: Your magical capacity is low. (-10% MP) [a
                  | shining eye]
 62374 | Slime:5  | Gained mutation: Armour fits poorly on your strangely
                  | shaped body. [a shining eye]
 62377 | Slime:5  | Reached XP level 23. HP: 216/225 MP: 28/31
 62531 | Slime:4  | Gained mutation: Your magical capacity is very low. (-20%
                  | MP) [a shining eye]
 62722 | Slime:5  | Reached skill level 1 in Evocations
 63039 | Slime:4  | Was placed under penance by the Shining One
 63066 | Slime:4  | Upgraded the game from 0.29.1-13-g9f3cf754e1 to
                  | 0.29.1-14-g9c671dbff4
 63297 | Slime:5  | Found a viscous altar of Jiyva.
 63331 | Slime:5  | Noticed the Royal Jelly
 63372 | Slime:5  | Killed the Royal Jelly
 63465 | Slime:5  | Identified the ring "Humolos" {rPois rN+ rCorr MP-9 Dex+4}
 63468 | Slime:5  | Got a slimy rune of Zot
 63469 | Slime:5  | Identified the ring of the Final Decision {rF+ rC+ Str-5
                  | Slay+3}
 63532 | Slime:5  | Identified the +7 hand axe of the Destroying Gods {spect,
                  | rF+++ MP+9 Str-3 Int+2}
 63628 | Lair:4   | Upgraded the game from 0.29.1-14-g9c671dbff4 to
                  | 0.29.1-15-g9cfb28693d
 63862 | Depths:1 | Entered Level 1 of the Depths
 64301 | Depths:1 | Found a glowing golden altar of the Shining One.
 64373 | Depths:1 | Found a gateway to Hell.
 64559 | Depths:2 | Found a one-way gate leading to the halls of Pandemonium.
 64816 | Depths:2 | Noticed a caustic shrike
 64882 | Depths:2 | Was forgiven by the Shining One
 64909 | Depths:2 | Noticed a juggernaut
 64919 | Depths:2 | Killed a juggernaut
 65010 | Depths:2 | Killed a caustic shrike
 65225 | Depths:2 | Noticed a juggernaut
 65238 | Depths:2 | Killed a juggernaut
 65351 | Depths:2 | Identified the +0 scale mail of Unaol {Will+ MP+9}
 65351 | Depths:2 | Identified the +0 scale mail of Unaol {Will+ MP+9}
 65562 | Depths:2 | Noticed the Enchantress
 65577 | Depths:2 | HP: 7/229 [the Enchantress/+1 flail of distortion (5)]
 65578 | Depths:2 | Reached XP level 24. HP: 7/238 MP: 14/28
 65587 | Depths:2 | The Shining One protects you from harm!
 65589 | Depths:2 | Found a glowing golden altar of the Shining One.
 65589 | Depths:2 | Found a glowing silver altar of Zin.
 65590 | Depths:2 | Found a white marble altar of Elyvilon.
 66141 | Depths:2 | Found Ntray's Needful Niceties.
 66353 | Depths:2 | Killed the Enchantress
 66474 | Depths:3 | Paralysed by a floating eye for 2 turns
 66478 | Depths:3 | Paralysed by a floating eye for 2 turns
 67482 | Depths:3 | Found a corrupted altar of Lugonu.
 67483 | Depths:3 | Found a one-way gate to the infinite horrors of the Abyss.
 67841 | Depths:4 | Entered Level 4 of the Depths
 67879 | Depths:4 | Noticed Parghit
 67890 | Depths:4 | Identified the +1 buckler of Forking Paths {Will+ Int+7}
 67897 | Depths:4 | Killed Parghit
 67909 | Depths:4 | HP: 11/242 [spriggan air mage/the air (14)]
 67913 | Depths:4 | Found a gate to the Realm of Zot.
 67917 | Depths:4 | Identified the +0 tower shield "Axeaditei" {Dex+2}
 67917 | Depths:4 | HP: 10/242 [black draconian knight/+1 war axe of
                  | electrocution (19)]
 67921 | Depths:4 | Killed from afar by a black draconian knight

Illustrated notes

Levels and vault maps discovered:
D:1:      minmay_arrival_plants_in_alcoves, layout_basic
D:2:      kennysheep_six_static_rooms, layout_loops_ring,
          nicolae_ecumenical_oubliette, dk_noncrumbling_4, minmay_bisected,
          uniq_natasha
D:3:      cheibrodos_old_hovel, layout_loops_ring, amcnicky_altar_gilded,
          nicolae_wu_jian_wuxing_cycle, minmay_misc_feat_diagonals, st_stairs_9,
          serial_bayou_pond_e, kennysheep_cross_room, uniq_grinder
D:4:      layout_loops_ring, mainiacjoe_overflow_chevrons, uniq_pikel,
          uniq_crazy_yiuf_cottage, uniq_duvessa
D:5:      layout_rooms, jmf_multi_god_temple, minitemple,
          minmay_temple_entry_mini_moons
D:6:      layout_cave_pools, led_sif_pool
D:7:      minmay_the_grid_octo_triangle [minmay_the_grid_octo_odd_swirl,
          minmay_the_grid_octo_prize_ultimate_mussel_roller,
          minmay_the_grid_octo_focus], layout_cave_pools,
          mainiacjoe_overflow_brackets, serial_undead, serial_undead_a,
          serial_undead_d, serial_undead_d, serial_undead_c, serial_undead_e,
          minmay_three_doors
D:8:      layout_loops_cross
D:9:      layout_irregular_city, mainiacjoe_overflow_alcove_4,
          nemelex_xobeh_ov_fountains_minmay, uniq_harold
D:10:     layout_basic, enter_bailey_2, uniq_josephine
D:11:     layout_roguey, minmay_lair_entry_grove, minmay_orc_entry_temple_small
D:12:     minmay_dotted_concentric_squares, layout_gridville, grunt_potential
D:13:     layout_irregular_city, serial_shops, shop, shop,
          nicolae_lakefront_shop, nicolae_shop_hallway_plus, shop
D:14:     layout_basic, skrybe_vaults_entry_preservation, chequers_jeans
D:15:     grunt_enter_depths_hoard, layout_cave_pods, columned_hall_lemuel,
          minivault_4, minmay_tree_intersection, minmay_misc_feat_plants,
          vehumet_crystals, uniq_nessos
Temple:   hellmonk_temple_micro_hex
Lair:1:   layout_regular_city, gammafunk_ghost_icy, st_stairs_11,
          kennysheep_snail_temple, infiniplex_staircase_pool_2, uniq_amaemon
Lair:2:   layout_roguey, guppyfry_snake_entry_garden, serial_bayou_shore_b,
          uniq_maggie
Lair:3:   layout_gridlike, minmay_shoals_entry_beasts, hangedman_tree_tricks,
          nzn_random_ring, grunt_megastairs_1, infiniplex_staircase_pool,
          lemuel_fruit_tree, uniq_nergalle, uniq_gastronok
Lair:4:   layout_big_grid, slime_entry_2
Lair:5:   due_jungle_book, layout_cave_pods, serial_rivers,
          chequers_serial_rivers_large_a, chequers_serial_rivers_micro_e,
          chequers_serial_rivers_marsh, chequers_serial_rivers_small_3,
          chequers_serial_rivers_marsh, chequers_serial_rivers_small_b,
          portal_ice_cave_demonic_guard, nicolae_lair_yak_garden
Shoals:1: layout_shoals
Shoals:2: nicolae_shoals_mermall, layout_shoals, uniq_donald, uniq_polyphemus,
          uniq_ilsuiw, uniq_nikola
Shoals:3: cheibrodos_shoals_baths, layout_shoals
Shoals:4: shoals_end_simple, layout_shoals
Snake:1:  layout_grid_maze, nicolae_shop_overcharged_wands,
          nicolae_triple_integral, uniq_kirke
Snake:2:  layout_gridlike
Snake:3:  layout_onion_interference, uniq_mara
Snake:4:  johnstein_snake_rune_scales, layout_cave_town, uniq_aizul
Slime:1:  layout_caves, basic_altar
Slime:2:  layout_caves
Slime:3:  layout_caves
Slime:4:  layout_caves, dissolution_awaits
Slime:5
Orc:1:    nicolae_orc_accident_3, layout_caves, basic_altar
Orc:2:    st_orc_rangers, layout_diamond_mine
Elf:1:    minmay_elf_arrival_summoners, layout_geoelf_diagonals,
          minmay_elf_demonology, hangedman_elf_represent
Elf:2:    elven_hall_of_blades_hangedman_alternative
          [nicolae_blade_entry_antechamber], layout_loops_cross, serial_sigils,
          serial_sigils_hangedman_quiver, serial_sigils_hangedman_quiver,
          serial_sigils_hangedman_scar, serial_sigils_hangedman_shear,
          minivault_23
Elf:3:    elf_hall_gauntlet_narrow, layout_loops_ring, minivault_25,
          corexii_leaking_fountain, minmay_shop_grove
Vaults:1: vaults_room_octagon, vaults_room_ringed_pool, nicolae_vaults_meeting,
          v_pattern_5, nicolae_vaults_little_ls, nicolae_vaults_three_branches,
          vaults_dpeg_emergency_exit, ontoclasm_vaults_ligature,
          nicolae_vaults_shelves_hall, nicolae_vaults_puzzle_piece,
          ontoclasm_vaults_fault, grunt_vaults_hallway_short,
          layout_vaults_maze_bifur, serial_shops, nicolae_shop_trees
Vaults:2: ontoclasm_vaults_misaligned, nicolae_vaults_network_star,
          grunt_vaults_trifunnel, v_alt_pattern_2, grunt_vaults_diagonal,
          v_alt_pattern_2, ontoclasm_vaults_eye, vaults_mumra_lcd,
          hangedman_vaults_snaps, nicolae_vaults_angled_halls,
          vaults_room_stairs_pillars, st_star, vaults_dpeg_encased_lava,
          ontoclasm_vaults_tryst, hangedman_vaults_impose,
          layout_vaults_omnibox, uniq_frederick
Vaults:3: ebering_ghost_reflecting_pool, v_pattern_4,
          hangedman_vaults_restitches, minmay_crypt_entry_nasty_monster,
          v_misc_29, nicolae_vaults_little_squares_4, ontoclasm_vaults_shuriken,
          ontoclasm_vaults_chip, layout_vaults_omnigrid
Vaults:4: vaults_standard_mumra_enter_the_diamond,
          nicolae_vaults_little_squares_2, nicolae_vaults_network_periphery,
          nicolae_vaults_rhombus_7, v_misc_23, nicolae_vaults_little_squares_1,
          ontoclasm_vaults_ring_square, v_alt_pattern_6, grunt_vaults_focal,
          layout_vaults_ring, serial_shops, nicolae_diamond_shop
Vaults:5
Depths:1: layout_basic, hellmouth_1, corexii_hall_statues_t, tso_altar
Depths:2: minmay_bad_star, layout_basic, pan_entry, good_gods_temple_1,
          pf_hell_entry_tar_river, nicolae_alphabet_shops, uniq_enchantress
Depths:3: minmay_connected_boxes_in_corner, layout_basic,
          abyss_entry_flame_altar, chequers_decorated_corner, hell_entry,
          firewood_loft, infiniplex_staircase_zigzag_5, grunt_megastairs_3
Depths:4: grunt_crosshair, layout_cave_pools, enter_ziggurat_d,
          amcnicky_mini_rare_corridor_liquid, hell_entry, uniq_parghit

Skill      XL: |  1  2  3  4  5  6  7  8  9 10 11 12 13 14 15 16 17 18 19 20 21 22 23 24 |
---------------+-------------------------------------------------------------------------+-----
Armour         | 4 5 7 9 10 12 13 14 15 16 17 18 19 20 | 20.8
Shields        | 4 5 6 7 8 10 11 12 13 15 17 18 19 20 22 23 | 23.7
Fighting       | 4 5 6 7 8 9 11 13 15 16 17 18 19 20 21 22 24 25 | 25.0
Axes           | 3 4 5 6 8 9 11 12 14 15 17 18 19 20 22 23 24 25 27 | 27.0
Invocations    | 2 4 5 7 8 10 11 12 13 14 15 16 17 18 19 20 | 20.7
Polearms       | 1 2 6 7 |  7.9
Evocations     | 1 |  1.1

Action                   |  1- 3 |  4- 6 |  7- 9 | 10-12 | 13-15 | 16-18 | 19-21 | 22-24 || total
-------------------------+-------+-------+-------+-------+-------+-------+-------+-------++-------
Melee: War axe           |    72 |    85 |   141 |   366 |   793 |   109 |    15 |       ||  1581
       Headbutt          |     3 |    17 |    45 |    87 |   238 |   221 |   370 |   375 ||  1356
       Trident           |       |       |     3 |    14 |       |   155 |    22 |       ||   194
       Executioner's axe |       |       |       |       |       |     3 |       |       ||     3
       Broad axe         |       |       |       |       |       |   644 |  1100 |   922 ||  2666
Throw: Javelin           |       |       |       |       |       |       |       |    13 ||    13
Invok: Divine Shield     |       |       |     1 |     1 |     4 |     9 |     7 |    11 ||    33
       Summon Divine War |       |       |       |       |     2 |     6 |     3 |    10 ||    21
       Cleansing Flame   |       |       |       |       |     1 |     7 |     4 |     9 ||    21
Evoke: Wand              |       |       |       |     3 |     1 |     5 |     1 |     9 ||    19
  Use: Scroll            |       |     4 |     6 |     7 |    13 |     9 |     3 |    22 ||    64
       Potion            |       |       |     2 |     3 |    13 |     4 |     6 |    35 ||    63
Armor: Scale mail        |    38 |    44 |    14 |       |   179 |       |       |       ||   275
       Chain mail        |       |       |    72 |   145 |    72 |       |       |       ||   289
       Plate armour      |       |       |       |       |    68 |   352 |   427 |   242 ||  1089
Dodge: Dodged            |    24 |    32 |    67 |   118 |   243 |   152 |   170 |   118 ||   924
Block: Buckler           |    15 |    18 |    38 |    81 |   283 |   343 |       |    46 ||   824
       Reflection        |       |       |       |       |       |    79 |   164 |    42 ||   285
       Tower shield      |       |       |       |       |       |   352 |  1230 |   868 ||  2450
